 Dungeon Crawl Stone Soup version 0.27-a0-931-g5a74e75d8f (webtiles) character file.

Game seed: 13540797250768346357

2476 jestyr24 the Thaumaturge (level 9, -4/48 HPs)
             Began as a Deep Elf Conjurer on Apr 10, 2021.
             Was an Initiate of Vehumet.
             Slain by a centaur
             ... wielding a +0 mace of protection
              (6 damage)
             ... on level 7 of the Dungeon.
             The game lasted 00:28:51 (8264 turns).

jestyr24 the Thaumaturge (Deep Elf Conjurer)        Turns: 8264, Time: 00:28:52

Health: -4/48      AC: 11    Str:  4    XL:     9   Next: 27%
Magic:  11/25      EV: 14    Int: 27    God:    Vehumet [......]
Gold:   328        SH:  0    Dex: 13    Spells: 17/28 levels left

rFire    . . .     SeeInvis .   i - +2 dire flail (vorpal)
rCold    + . .     Faith    .   (shield currently unavailable)
rNeg     + . .     Spirit   .   E - +2 robe {rC+}
rPois    .         Reflect  .   g - +0 helmet
rElec    .         Harm     .   h - +2 cloak
rCorr    .         Rampage  .   (no gloves)
Will     .....                  w - +2 pair of boots
Stlth    +++.......             (no amulet)
HPRegen  0.16/turn              n - ring of positive energy
MPRegen  0.19/turn              (no ring)

@: no status effects
A: no striking features
a: Renounce Religion


You were on level 7 of the Dungeon.
You worshipped Vehumet.
Vehumet was noncommittal.
You visited 2 branches of the dungeon, and saw 8 of its levels.

You collected 328 gold pieces.

Inventory:

Hand Weapons
 b - a +0 spear
 d - a +0 long sword
 i - a +2 vorpal dire flail (weapon)
 l - a +0 short sword of speed
 t - a +2 vorpal hunting sling
Missiles
 o - 13 poisoned darts
Armour
 g - a +0 helmet (worn)
 h - a +2 cloak (worn)
 w - a +2 pair of boots (worn)
 E - a +2 robe of cold resistance (worn)
Jewellery
 n - a ring of positive energy (left hand)
 v - a ring of magical power
Wands
 m - a wand of polymorph (23)
Scrolls
 a - a scroll of identify
 c - 2 scrolls of immolation
 e - 8 scrolls of teleportation
 f - 4 scrolls of fear
 j - a scroll of holy word {unknown}
 q - a scroll of fog
 s - a scroll of amnesia {unknown}
 y - a scroll of enchant weapon {unknown}
 B - a scroll of enchant armour
 D - a scroll of torment {unknown}
Potions
 k - 7 potions of curing
 u - a potion of heal wounds {unknown}
 x - a potion of cancellation
 A - a potion of magic {unknown}


   Skills:
 + Level 2.3 Fighting
 - Level 0.1 Short Blades
 - Level 1.0 Maces & Flails
 + Level 5.2 Dodging
 + Level 6.1 Stealth
 + Level 10.1 Spellcasting
 + Level 9.2 Conjurations
 + Level 0.9 Hexes


You had 17 spell levels left.
You knew the following spells:

 Your Spells              Type           Power      Damage    Failure   Level
a - Magic Dart            Conj           100%       1d8       1%          1
b - Searing Ray           Conj           100%       3d7       1%          2
c - Iskenderun's Mystic   Conj/Tloc      38%        2d9       6%          4
d - Fulminant Prism       Conj/Hex       20%        3d13      5%          4

Your spell library contained the following spells:

 Spells                   Type           Power      Damage    Failure   Level
 Dazzling Flash           Conj/Hex       82%        N/A       1%          3


Dungeon Overview and Level Annotations

Branches:
Dungeon (7/15)             Temple (1/1) D:6

Altars:
Ashenzari
Cheibriados
Dithmenos
Elyvilon
Fedhas
Gozag
Hepliaklqana
Kikubaaqudgha
Makhleb
Nemelex Xobeh
Okawaru
Qazlal
Ru
Sif Muna
Uskayaw
Vehumet
Wu Jian
Yredelemnul
Zin
The Shining One

Annotations:
D:3 2 transporters


Message History

The centaur shoots an arrow.
The arrow barely misses you.
The centaur unwields a +0 shortbow.
The centaur wields a +0 mace of protection.
The centaur drinks a potion.
The centaur goes berserk!
The searing ray hits the centaur.
The centaur is heavily wounded.
The searing ray hits the centaur.
The centaur is severely wounded.
The centaur closely misses you.
The centaur kicks you but does no damage.
An ogre comes into view. It is wielding a +0 giant spiked club.
The centaur closely misses you.
The centaur kicks you but does no damage.
The searing ray hits the centaur.
The centaur is severely wounded.
You finish channeling your searing ray.
The centaur hits you with a +0 mace of protection!
The centaur closely misses you.
The centaur hits you with a +0 mace of protection.
The centaur misses you.
Casting: Searing Ray (safe; 1% risk of failure)
Confirm with . or Enter, or press ? or * to list all spells.
Aiming: Searing Ray (safe; 1% risk of failure)
Press: ? - help, Shift-Dir - straight line, f - ogre, p - centaur
Aim: an ogre, wielding a +0 giant spiked club (8% to evade)
The searing ray hits the ogre!
The ogre is heavily wounded. (Press . to maintain the ray.)
The centaur hits you with a +0 mace of protection!
The centaur barely misses you. x3
The centaur barely misses you. The centaur misses you.
The centaur rages.
The centaur closely misses you. The centaur barely misses you. x2
The centaur misses you.
The centaur hits you with a +0 mace of protection!
* * * LOW HITPOINT WARNING * * *
The centaur misses you.
The centaur rages.
The centaur hits you with a +0 mace of protection.
You die...

#...... #.##### #######.### #
#.........# # #.........# #
#### ######### #.........# #
.....##.......###.........###
..........O..................
.....##....c@..##.....(...###
... ########.#####....### .
#.# #....# #.# ##...#
#.######.##### #.#...........
# #.#........... #..
#.#...........
.#...#.#.........Z.


You could see an ogre and a centaur (berserk).

Vanquished Creatures
  Edmund (D:4)
  A water moccasin (D:6)
  A sky beast (D:7)
  2 ice beasts (D:5)
  3 ogres
  7 centaurs (D:6)
  2 phantoms (D:6)
  3 bullfrogs
  3 scorpions
  A wyvern zombie (D:5)
  A howler monkey (D:4)
  2 centaur zombies
  A bullfrog zombie (D:6)
  2 centaur skeletons (D:6)
  2 hounds
  2 bullfrog skeletons (D:6)
  An iguana (D:6)
  A scorpion zombie (D:5)
  A killer bee zombie (D:7)
  Robin (D:2)
  A gnoll (D:1)
  2 howler monkey skeletons
  6 adders
  An ufetubus (D:6)
  2 worms (D:2)
  2 dart slugs
  7 orcs
  6 endoplasms
  3 giant cockroaches
  12 goblins
  10 hobgoblins
  10 jackals
  9 kobolds
  2 quokkas
  7 ball pythons
  6 bats
  2 frilled lizards
  7 rats
133 creatures vanquished.

Vanquished Creatures (others)
  6 fulminant prisms
6 creatures vanquished.

Grand Total: 139 creatures vanquished

Notes
Turn   | Place    | Note
-------+----------+-------------------------------------------
     0 | D:1      | jestyr24 the Deep Elf Conjurer began the quest for the Orb.
     0 | D:1      | Reached XP level 1. HP: 10/10 MP: 6/6
   105 | D:1      | Reached XP level 2. HP: 3/15 MP: 2/8
   358 | D:1      | Reached skill level 5 in Conjurations
   584 | D:1      | Reached XP level 3. HP: 19/19 MP: 5/9
   648 | D:1      | Learned a level 2 spell: Searing Ray
  1550 | D:2      | Noticed Robin
  1556 | D:2      | Killed Robin
  1557 | D:2      | Reached XP level 4. HP: 24/24 MP: 0/11
  2821 | D:3      | Found a transporter.
  2846 | D:3      | Found a transporter.
  2971 | D:3      | Reached skill level 4 in Spellcasting
  3111 | D:3      | Found a broken altar of Ashenzari.
  3111 | D:3      | Found a sacrificial altar of Ru.
  3127 | D:3      | Found a glowing golden altar of the Shining One.
  3130 | D:3      | Found a faded altar of an unknown god.
  3132 | D:3      | Found a faded altar of an unknown god.
  3340 | D:4      | Reached XP level 5. HP: 27/28 MP: 6/13
  3904 | D:4      | Reached skill level 5 in Spellcasting
  4091 | D:4      | Reached XP level 6. HP: 32/32 MP: 9/16
  4311 | D:4      | Noticed Edmund
  4321 | D:4      | Killed Edmund
  4322 | D:4      | Reached skill level 6 in Spellcasting
  4496 | D:5      | Entered Level 5 of the Dungeon
  4698 | D:5      | Noticed an ice beast
  4705 | D:5      | Killed an ice beast
  4706 | D:5      | Reached XP level 7. HP: 36/36 MP: 12/19
  4923 | D:5      | Reached skill level 7 in Spellcasting
  5503 | D:6      | Reached skill level 1 in Fighting
  5503 | D:6      | Reached skill level 1 in Maces & Flails
  5605 | D:6      | Reached XP level 8. HP: 43/43 MP: 14/21
  5651 | D:6      | Learned a level 4 spell: Iskenderun's Mystic Blast
  5656 | D:6      | Learned a level 4 spell: Fulminant Prism
  5716 | D:6      | Reached skill level 8 in Spellcasting
  5897 | D:6      | Reached skill level 5 in Stealth
  5986 | D:6      | Found a staircase to the Ecumenical Temple.
  5997 | Temple   | Entered the Ecumenical Temple
  6068 | Temple   | Became a worshipper of Vehumet
  7195 | D:6      | Reached skill level 9 in Spellcasting
  7444 | D:6      | Found a stormy altar of Qazlal.
  7506 | D:6      | Reached XP level 9. HP: 27/48 MP: 14/24
  7507 | D:6      | Reached skill level 5 in Dodging
  8251 | D:7      | Reached skill level 10 in Spellcasting
  8263 | D:7      | HP: 2/48 [centaur/+0 mace of protection (13)]
  8264 | D:7      | Slain by a centaur

Illustrated notes

Levels and vault maps discovered:
D:1:      minmay_arrival_cross, layout_basic, minmay_indecisive_spiral
D:2:      layout_rooms, uniq_robin
D:3:      gammafunk_steamed_eel, layout_loops_ring,
          chequers_temple_overflow_minitemple, minmay_quantized
D:4:      layout_basic, uniq_edmund
D:5:      layout_basic
D:6:      minmay_razor_zed, layout_basic, grunt_qazlal_clouds,
          hangedman_decor_opposing, centaur_isle
D:7:      layout_basic
Temple:   compressed_dpeg_circular_temple

Skill      XL: |  1  2  3  4  5  6  7  8  9 |
---------------+----------------------------+-----
Conjurations   | 5 6 7 8 9 |  9.2
Dodging        | 3 4 5 |  5.2
Spellcasting   | 4 5 6 7 9 10 | 10.1
Stealth        | 3 4 5 6 |  6.1
Fighting       | 1 2 |  2.3
Maces & Flails | 1 |  1.0
Short Blades   | |  0.1
Hexes          | |  0.9

Action                   |  1- 3 |  4- 6 |  7- 9 || total
-------------------------+-------+-------+-------++-------
Melee: Short sword       |       |     2 |       ||     2
       Spear             |       |     2 |       ||     2
       Dire flail        |       |     3 |    34 ||    37
 Cast: Magic Dart        |    84 |    94 |    67 ||   245
       Searing Ray       |       |     7 |    19 ||    26
       Fulminant Prism   |       |       |     6 ||     6
       Iskenderun's Myst |       |       |     3 ||     3
  Use: Scroll            |       |     7 |     3 ||    10
       Potion            |       |       |     4 ||     4
 Stab: Sleeping          |       |       |     4 ||     4
Armor: Robe              |     1 |     8 |    32 ||    41
Dodge: Dodged            |     2 |    22 |    86 ||   110

Table legend: (Time is in decaauts)
 A = Elapsed time spent in this place.
 B = Non-inter-level travel time spent in this place.
 C = Inter-level travel time spent in this place.
 D = Time resting spent in this place.
 E = Time spent auto-exploring this place.
 F = Levels seen in this place.
 G = Mean time per level.
                   A        B        C        D        E       F      G
               +--------+--------+--------+--------+--------+-----+--------+
         Total |   8273 |   8170 |    103 |   2261 |   4848 |   8 | 1034.1 |
       Dungeon |   8186 |   8083 |    103 |   2261 |   4779 |   7 | 1169.4 |
        Temple |     86 |     86 |      0 |      0 |     69 |   1 |   86.0 |
               +--------+--------+--------+--------+--------+-----+--------+

Top non-repeatable levels by time:
     D:6: 2478 daAuts
     D:1: 1576 daAuts
     D:4: 1155 daAuts
     D:3: 1106 daAuts
     D:5: 1005 daAuts
     D:2: 658 daAuts
     D:7: 206 daAuts
  Temple: 86 daAuts
